 Dungeon Crawl Stone Soup version 0.30-a0-618-gd6c86c23d0 (webtiles) character file.

Game seed: 8083046137904227149

89 Leeroy the Insei (level 4, 0/32 HPs)
             Began as a Demonspawn Transmuter on Jan 9, 2023.
             Killed from afar by Natasha (7 damage)
             ... with a magic dart
             ... on level 3 of the Dungeon.
             The game lasted 00:01:56 (1928 turns).

Leeroy the Insei (Demonspawn Transmuter)            Turns: 1928, Time: 00:01:56

Health: 0/32       AC:  2    Str: 12    XL:     4   Next: 31%
Magic:  6/7        EV: 12    Int: 14    God:
Gold:   118        SH:  0    Dex: 14    Spells: 1/7 levels left

rFire   + . .      SeeInvis .      - Unarmed
rCold   . . .      Faith    .    (no shield)
rNeg    . . .      Spirit   .    a - +0 robe
rPois   .          Reflect  .    (helmet currently unavailable)
rElec   .          Harm     .    (no cloak)
rCorr   .          Rampage  .    (no gloves)
Will    .....                    (boots currently unavailable)
Stlth   +                        (no amulet)
HPRegen 0.25/turn                c - ring of protection from fire
MPRegen 0.10/turn                (no ring)

@: appendages (expiring)
A: horns 2, talons 2, claws 2, foul stench 1
a: End Transformation


You were on level 3 of the Dungeon.
You had temporarily grown beastly horns and talons.
You visited 1 branch of the dungeon, and saw 3 of its levels.

You collected 118 gold pieces.

Inventory:

Hand Weapons
 g - a +0 spear of venom
Missiles
 k - a throwing net
Armour
 a - a +0 robe (worn)
Jewellery
 c - a ring of protection from fire (left claw)
 n - a +5 ring of evasion
Scrolls
 d - a scroll of teleportation {unknown}
 e - 4 scrolls of identify {unknown}
 i - 2 scrolls of magic mapping {unknown}
 o - a scroll of vulnerability {unknown}
Potions
 b - a potion of lignification
 f - a potion of haste {unknown}
 h - a potion of invisibility {unknown}
 j - a potion of curing {unknown}
 l - 3 potions of resistance {unknown}
 m - a potion of might {unknown}


   Skills:
 - Level 1.0 Fighting
 - Level 1.7 Dodging
 + Level 4.7 Unarmed Combat
 - Level 2.0 Spellcasting
 - Level 1.7 Transmutations


You had one spell level left.
You knew the following spells:

 Your Spells              Type           Power      Damage    Failure   Level
a - Beastly Appendage     Tmut           12%        N/A       12%         1
b - Wereblood             Tmut           6%         N/A       17%         2
c - Spider Form           Tmut/Pois      3%         N/A       45%         3

Your spell library contained the following spells:

 Spells                   Type           Power      Damage    Failure   Level
 Ice Form                 Ice/Tmut       3%         N/A       86%         4


Dungeon Overview and Level Annotations

Branches:
Dungeon (3/15)

Altars:
Fedhas
Sif Muna

Annotations:
D:3 Natasha


Innate Abilities, Weirdness & Mutations

You have temporarily grown beastly horns and talons.
You have very sharp fingernails.
You may rarely emit foul miasma when damaged in melee.


Message History

You closely miss the goblin. You headbutt the goblin.
You kill the goblin!
Your magical contamination has completely faded away.
Items here: ( ))) ††.
Your horns disappear.
Your talons disappear.
Natasha is nearby!
Natasha is nearby!
Natasha is nearby!
Natasha hisses angrily.
Natasha stares at you and mumbles some strange words.
The magic dart hits you!
Casting: Beastly Appendage (safe; 12% risk of failure)
Confirm with . or Enter, or press ? or * to list all spells.
You grow a pair of large bovine horns.
Your feet morph into talons.
Natasha stares at you and mumbles some strange words.
The magic dart hits you.
You closely miss Natasha. Your kick misses Natasha.
Your transformation is almost over.
Natasha mumbles some strange words.
You miss Natasha.
Natasha stares at you and mumbles some strange words.
You resist with some effort.
You closely miss Natasha. Your kick misses Natasha. Natasha claws you.
You scratch Natasha.
Natasha is moderately wounded.
Natasha closely misses you.
You scratch Natasha.
Natasha is severely wounded.
Natasha claws you!
* * * LOW HITPOINT WARNING * * *
You closely miss Natasha. You claw Natasha, but do no damage.
Natasha is severely wounded.
You scratch Natasha but do no damage.
Natasha is severely wounded.
Natasha barely misses you.
You closely miss Natasha.
Natasha is severely wounded.
Natasha stares at you and mumbles some strange words.
The magic dart hits you!
You die...

...........###.#####.#
#####..............#.#
#....#.###.###.#.#
#......###.###.#?####
##...####...........##
##.## #....♣♣.♣♣...#
### #..♣..♣)♣..♣..#
#..♣♣.....♣♣..#
#.5h@.._......#
#....♣♣.....♣♣..#
...#. ♣..♣.♣..♣ .# . #
...♣♣.♣♣...# ##.. ...
..## ... ..#..## ###.
.... ## #. #


You could see an iron imp (summoned) and Natasha.

Vanquished Creatures
  Natasha (D:3)
  An adder (D:2)
  3 dart slugs
  An orc (D:3)
  10 bats
  2 endoplasms
  8 goblins
  5 hobgoblins
  2 kobolds (D:3)
  4 quokkas
  3 ball pythons
  2 frilled lizards (D:1)
  2 rats (D:1)
44 creatures vanquished.

Notes
Turn   | Place    | Note
-------+----------+-------------------------------------------
     0 | D:1      | Leeroy the Demonspawn Transmuter began the quest for the
                  | Orb.
     0 | D:1      | Reached XP level 1. HP: 15/15 MP: 3/3
    86 | D:1      | Reached skill level 3 in Unarmed Combat
   171 | D:1      | Discovered your monstrous ancestry.
   171 | D:1      | Gained mutation: You have sharp fingernails. [demonic
                  | ancestry]
   171 | D:1      | Reached XP level 2. HP: 21/21 MP: 5/5
   964 | D:1      | Gained mutation: You have very sharp fingernails. [demonic
                  | ancestry]
   964 | D:1      | Reached XP level 3. HP: 22/26 MP: 6/6
   992 | D:1      | Learned a level 2 spell: Wereblood
   996 | D:1      | Learned a level 3 spell: Spider Form
  1263 | D:2      | Reached skill level 4 in Unarmed Combat
  1431 | D:2      | Found a shimmering blue altar of Sif Muna.
  1842 | D:3      | Noticed Natasha
  1845 | D:3      | Found a blossoming altar of Fedhas.
  1853 | D:3      | Killed Natasha
  1854 | D:3      | Gained mutation: You may rarely emit foul miasma when
                  | damaged in melee. [demonic ancestry]
  1854 | D:3      | Reached XP level 4. HP: 22/32 MP: 5/7
  1856 | D:3      | Noticed Natasha
  1928 | D:3      | Killed from afar by Natasha

Illustrated notes

Levels and vault maps discovered:
D:1:      dpeg_arrival_pond, layout_loops_corners, minmay_misc_feat_plants,
          minmay_misc_feat_nine_boxes
D:2:      kennysheep_big_flooded_room, layout_basic, basic_altar
D:3:      layout_loops_corners, vehumet_altar_wand_db,
          nicolae_tso_swordbearing_angel, mainiacjoe_overflow_small_starburst,
          kennysheep_another_room, uniq_natasha, uniq_pargi, uniq_sigmund

Skill      XL: |  1  2  3 |
---------------+----------+-----
Unarmed Combat | 3 4 |  4.7
Fighting       | |  1.0
Dodging        | |  1.7
Spellcasting   | |  2.0
Transmutations | |  1.7

Action                   |  1- 3 |  4- 6 || total
-------------------------+-------+-------++-------
Melee: Unarmed           |   141 |    14 ||   155
       Punch             |     2 |       ||     2
       Kick              |     2 |     1 ||     3
       Headbutt          |       |     1 ||     1
 Cast: Beastly Appendage |     1 |     2 ||     3
 Stab: Sleeping          |     1 |       ||     1
Armor: Robe              |    38 |       ||    38
Dodge: Dodged            |    93 |     4 ||    97

Table legend: (Time is in decaauts)
 A = Elapsed time spent in this place.
 B = Non-inter-level travel time spent in this place.
 C = Inter-level travel time spent in this place.
 D = Time resting spent in this place.
 E = Time spent auto-exploring this place.
 F = Levels seen in this place.
 G = Mean time per level.
                   A        B        C        D        E       F      G
               +--------+--------+--------+--------+--------+-----+--------+
         Total |   1923 |   1857 |     66 |     29 |   1457 |   3 |  641.0 |
       Dungeon |   1923 |   1857 |     66 |     29 |   1457 |   3 |  641.0 |
               +--------+--------+--------+--------+--------+-----+--------+

Top non-repeatable levels by time:
     D:1: 1051 daAuts
     D:2: 485 daAuts
     D:3: 386 daAuts
